 Dungeon Crawl Stone Soup version 0.20-a0-151-g755e310 (webtiles) character file.

32 KristoblXynda the Sneak (level 3, 0/26 HPs)
             Began as a Draconian Enchanter on Nov 22, 2016.
             Slain by an adder (4 damage)
             ... on level 2 of the Dungeon.
             The game lasted 00:02:35 (1064 turns).

KristoblXynda the Sneak (Draconian Enchanter)       Turns: 1064, Time: 00:02:36

Health: 0/26       AC:  5    Str: 10    XL:     3   Next: 8%
Magic:  0/6        EV: 12    Int: 16    God:
Gold:   97         SH:  0    Dex: 11    Spells: 4/6 levels left

rFire  . . .     SeeInvis .     n - +0 dagger (curse)
rCold  . . .     Gourm    .     (armour unavailable)
rNeg   . . .     Faith    .     (no shield)
rPois  .         Spirit   .     (helmet restricted)
rElec  .         Reflect  .     (no cloak)
rCorr  +         Harm     .     (no gloves)
MR     .....                    (no boots)
Stlth  ++........               (no amulet)
                                j - ring of resist corrosion
                                (no ring)

@: lethally poisoned (0 -> -3)
A: unfitting armour, cold-blooded, AC +5
a: no special abilities


You were on level 2 of the Dungeon.
You were not hungry.

You visited 1 branch of the dungeon, and saw 2 of its levels.

You collected 97 gold pieces.

Inventory:

Hand Weapons
 a - a +1 dagger
 n - a cursed +0 dagger (weapon)
Jewellery
 j - a ring of resist corrosion (right hand)
Scrolls
 h - a scroll of identify
Potions
 i - a potion of mutation
Books
 b - a book of Maledictions

   Spells                             Type                      Level
   a - Corona                         Hexes                        1
   b - Ensorcelled Hibernation        Hexes/Ice                    2
   c - Confuse                        Hexes                        3
   d - Tukima's Dance                 Hexes                        3
   e - Dazzling Spray                 Conjuration/Hexes            3
Comestibles
 c - a bread ration
 f - a meat ration
 g - 6 fruits


   Skills:
 - Level 1.0 Short Blades
 - Level 1.7 Dodging
 + Level 3.3 Stealth
 + Level 2.4 Spellcasting
 + Level 3.1 Hexes


You had 4 spell levels left.
You knew the following spells:

 Your Spells              Type           Power        Failure   Level  Hunger
b - Ensorcelled Hibernat  Hex/Ice        #.....       17%         2    ###....


Dungeon Overview and Level Annotations

Branches:
Dungeon (2/15)

Altars:


Innate Abilities, Weirdness & Mutations

Your plain brown scales are hard. (AC +5)
You cannot fit into any form of body armour.
You are cold-blooded and may be slowed by cold attacks.


Message History

Casting: Ensorcelled Hibernation
Confirm with . or Enter, or press ? or * to list all spells.
Aiming: Ensorcelled Hibernation
Press: ? - help, Shift-Dir - straight line, f - adder
Aim: an adder (chance to defeat MR: 47%)
The adder looks drowsy...
You see here a kobold corpse.
The helpless adder fails to defend itself.
You puncture the adder!
Your tail-slap misses the adder.
The adder is almost dead.
The adder bites you but does no damage. The adder bites you.
* * * LOW HITPOINT WARNING * * *
You are poisoned.
The adder poisons you!
A rat comes into view.
You barely miss the adder.
Your tail-slap misses the adder.
The adder is almost dead.
* * * LOW HITPOINT WARNING * * *
You feel sick. The adder bites you.
You die...

**,,,,,*,****,,,,,,,,,,,,,,*
*,,,,,,,,,,,,,,,,,**,,,,,,**
****
*,,,,,*,******.#*,**,,,,,,*,
,,,* *,,,,,*,*
*.#*,,*,,,,,,*, ,,,*
*,,,,,,,*#####.#**,*,,,,,,*,
,,,* *,,,,,***#...#.#
*,*,,,,,,*, ,,,*
*,,,..####...#.###,*..,,,,*,
,,,*
*,,,.........+...,,...,,,,+,
,,,*
*,,,,****#S@.#.###....,,,,*,
,,,***,,,,*
#.............,,***
,,,+,+,,,,*
#..)##>#.#.#.#,,***
,,,***,,,,*
##+#(..?......,**,, **,*
*,,,,* #..r..#.#.#.#,,+,,
*,* *,,,,*
#.†.#........,**,, *,*
*,,,,* #)###.#.#.#.#,**,,
*,* *,,,,* ####)#
#†.........*,. *,***,,,,*
#....# #.#.#.#.#..,,.


You could see an adder and a rat.

Vanquished Creatures
  A worm (D:2)
  A leopard gecko (D:1)
  3 giant cockroaches
  5 goblins
  2 hobgoblins
  A quokka (D:2)
  3 bats (D:1)
  4 frilled lizards
  6 kobolds
  A rat (D:1)
27 creatures vanquished.

Notes
Turn   | Place    | Note
-------+----------+-------------------------------------------
     0 | D:1      | KristoblXynda the Draconian Enchanter began the quest for the Orb.
     0 | D:1      | Reached XP level 1. HP: 14/14 MP: 3/3
   219 | D:1      | Reached XP level 2. HP: 12/20 MP: 5/5
   408 | D:1      | Learned a level 2 spell: Ensorcelled Hibernation
  1049 | D:2      | Reached XP level 3. HP: 16/26 MP: 3/6
  1064 | D:2      | Slain by an adder

Vault maps used:
D:1:      dpeg_arrival_boxes_within_box
D:2:      cheibriados_altar_1, st_stairs_2

Skill      XL: |  1  2 |
---------------+-------+-----
Stealth        | 3 |  3.3
Hexes          | 3 |  3.1
Short Blades   | |  1.0
Dodging        | |  1.7
Spellcasting   | |  2.4

Action                   || total
-------------------------++-------
Melee: Dagger            ||   113
       Tailslap          ||     9
 Cast: Ensorcelled Hiber ||     5
  Use: Scroll            ||     6
 Stab: Sleeping          ||     6
  Eat: Fruit             ||     1
Armor: Skin              ||    51
Dodge: Dodged            ||    86
